 Dungeon Crawl Stone Soup version 0.24-a0-284-g9fb9971df1 (webtiles) character file.

Game seed: 8934779596153289246

31 HAL9000 the Vexing (level 3, 0/16 HPs)
             Began as a Vine Stalker Enchanter on May 4, 2019.
             Succumbed to an adder's poison
             ... on level 2 of the Dungeon.
             The game lasted 00:02:03 (1363 turns).

HAL9000 the Vexing (Vine Stalker Enchanter)         Turns: 1363, Time: 00:02:03

Health: 0/16       AC:  2    Str: 16    XL:     3   Next: 22%
Magic:  0/7        EV: 12    Int: 15    God:
Gold:   51         SH:  0    Dex: 14    Spells: 3/6 levels left

rFire    + . .     SeeInvis .   a - +1 dagger
rCold    + . .     Gourm    .   (no shield)
rNeg     . . .     Faith    .   b - +0 robe
rPois    +         Spirit   +   (no helmet)
rElec    +         Reflect  .   (no cloak)
rCorr    +         Harm     .   (no gloves)
MR       .....                  (no boots)
Stlth    ++........             (no amulet)
HPRegen  0.05/turn              (no ring)
MPRegen  0.10/turn              (no ring)

@: mighty, lethally poisoned (0 -> -9), resistant, flying, very slightly
contaminated
A: fangs 2, magic shield, antimagic bite, no potion heal 3, rot immunity
a: no special abilities


You were on level 2 of the Dungeon.
You were very hungry.

You visited 1 branch of the dungeon, and saw 2 of its levels.

You collected 51 gold pieces.

Inventory:

Hand Weapons
 a - a +1 dagger (weapon)
Armour
 b - a +0 robe (worn)
Scrolls
 c - a scroll of random uselessness {unknown}
 e - a scroll of teleportation {unknown}
 f - a scroll of remove curse {unknown}
Potions
 j - a potion of berserk rage {unknown}
Comestibles
 d - 5 rations


   Skills:
 + Level 1.3 Short Blades
 - Level 1.5 Dodging
 - Level 3.6 Stealth
 - Level 2.1 Spellcasting
 + Level 4.0 Hexes


You had 3 spell levels left.
You knew the following spells:

 Your Spells              Type           Power        Failure   Level  Hunger
a - Corona                Hex            ##.....      4%          1    #......
b - Ensorcelled Hibernat  Hex/Ice        #.....       14%         2    ###....

Your spell library contained the following spells:

 Spells                   Type           Power        Failure   Level  Hunger
 Confuse                  Hex            ##......     12%         3    ###....
 Tukima's Dance           Hex            ##......     12%         3    ###....
 Dazzling Spray           Conj/Hex       #.....       28%         3    ###....


Dungeon Overview and Level Annotations

Branches:
Dungeon (2/15)

Altars:


Innate Abilities, Weirdness & Mutations

You have extremely sharp teeth.
When hurt, damage is shared between your health and your magic reserves.
Your bite disrupts and absorbs the magic of your enemies.
Potions cannot restore your health.
You are immune to rotting.


Message History

* * * LOW HITPOINT WARNING * * *
You hit the adder. You bite the adder.
You kill the adder!
Your Hexes skill increases to level 4!
You have reached level 3!
Your experience leads to an increase in your attributes!
Increase (S)trength, (I)ntelligence, or (D)exterity?
You feel stronger.
Unknown command.
It was a potion of might.
You feel very mighty all of a sudden.
* * * LOW HITPOINT WARNING * * *
You feel sick.
Unknown command.
It was a potion of resistance.
You feel protected.
Unknown command.
It was a potion of flight.
You feel very buoyant.
You fly up into the air.
You die...

############ ##
#..........# #.
#.##.#####.#########.
#.##.# #...........
#.##.# #.#######...
#.##.# #.# #....
#....#####.# ##...
####.......# ##..
#.@.###### #.. #...#
#.. #...# ##. .....
....... .........
##.......## #.#...#.#


There were no monsters in sight!

Vanquished Creatures
  An adder (D:2)
  2 leopard geckos
  A giant cockroach (D:1)
  A hobgoblin (D:1)
  A ball python (D:2)
  3 bats (D:1)
  4 goblins
  4 kobolds
  2 rats (D:1)
19 creatures vanquished.

Notes
Turn   | Place    | Note
-------+----------+-------------------------------------------
     0 | D:1      | HAL9000 the Vine Stalker Enchanter began the quest for the
                  | Orb.
     0 | D:1      | Reached XP level 1. HP: 9/9 MP: 4/4
   442 | D:1      | Reached skill level 1 in Short Blades
   648 | D:1      | Reached XP level 2. HP: 9/13 MP: 3/6
   675 | D:1      | Learned a level 2 spell: Ensorcelled Hibernation
  1360 | D:2      | Reached skill level 4 in Hexes
  1360 | D:2      | Reached XP level 3. HP: 1/16 MP: 0/7
  1363 | D:2      | Succumbed to an adder's poison

Levels and vault maps discovered:
D:1:      ncdulo_halloftheorcs, layout_basic
D:2:      layout_loops_cross, tgw_trog

Skill      XL: |  1  2 |
---------------+-------+-----
Short Blades   | 1 |  1.3
Hexes          | 4 |  4.0
Dodging        | |  1.5
Stealth        | |  3.6
Spellcasting   | |  2.1

Action                   || total
-------------------------++-------
Melee: Dagger            ||    67
       Bite              ||    10
 Cast: Corona            ||     8
       Ensorcelled Hiber ||     6
  Use: Potion            ||     3
 Stab: Sleeping          ||     4
  Eat: Chunk             ||     1
Armor: Robe              ||     4
Dodge: Dodged            ||    52

Table legend:
 A = Non-vault XP
 B = Vault XP
 C = Vault XP percentage of total XP
 D = Non-vault monster count
 E = Vault monster count
 F = Vault count percentage of total count
                 A         B        C        D         E       F
            +---------+---------+-------+---------+---------+-------
      Total |      45 |       0 |   0.0 |      19 |       0 |   0.0
            +---------+---------+-------+---------+---------+-------
        D:1 |      19 |       0 |   0.0 |      12 |       0 |   0.0
        D:2 |      26 |       0 |   0.0 |       7 |       0 |   0.0
            +---------+---------+-------+---------+---------+-------
